Penguins vs Capitals

Created - February 27, 2024 at 21:45

Goals
1 2 3 T
Penguins 2 1 1 4
Capitals 3 0 3 6
Shots
1 2 3 T
Penguins 10 15 5 30
Capitals 9 11 12 32

GoalsPenalties
1st period
1. Penguins , Kevin Fiala 19 (Nick Suzuki 27, Matt Roy 8) at 9:45
2. Capitals , David Kampf 6 (Jonas Siegenthaler 29, Alex Nylander 4) at 11:02
3. Capitals , Kaapo Kakko 14 (Pavel Zacha 19, Jonas Siegenthaler 30) at 16:54
4. Penguins , Nick Suzuki 20 (Cole Caufield 25, Justin Faulk 21) at 19:11
5. Capitals , Jordan Greenway 12 (Kevin Labanc 15, Michael Rasmussen 17) at 19:19
Samuel Bolduc (WSH) for Interference (Minor) at 19:29
2nd period
6. Penguins , Jeff Petry 7 (Seth Jarvis 10) at 0:42 (PP)
Jonas Siegenthaler (WSH) for Hooking (Minor) at 4:01
Kevin Fiala (PIT) for High sticking (Minor) at 4:37
Samuel Bolduc (WSH) for Interference (Minor) at 8:25
3rd period
7. Capitals , Noah Dobson 7 (Pavel Zacha 20, Kaapo Kakko 19) at 4:57 (PP)
8. Penguins , Kevin Fiala 20 (Nick Suzuki 28, Cole Caufield 26) at 12:35
9. Capitals , Quinton Byfield 6 (Noah Dobson 21, Christian Fischer 5) at 17:53
10. Capitals , Pavel Zacha 12 (Matias Maccelli 13) at 18:20
Nick Suzuki (PIT) for Tripping (Minor) at 2:39
Matt Roy (PIT) for Hooking (Minor) at 4:53
Michael Rasmussen (WSH) for Hooking (Minor) at 6:28
Goalie Stats
Thatcher Demko (PIT), 26 saves from 32 shots - (0.813), L, 16-13-4, 60:00 minutes
Joonas Korpisalo (WSH), 26 saves from 30 shots - (0.867), W, 12-11-1, 60:00 minutes
3 StarsOfficial
1 - Pavel Zacha (WSH)
2 - Kaapo Kakko (WSH)
3 - Kevin Fiala (PIT)
Referees : Garrett Rank and Robert Hennessey
Linesman : Jaime Alary and Brandon Gawryletz
Game Note
David Kampf is injured at 15:42 of 2nd period (Right Knee)
Finance
Level 1 -- Attendance: 2507 (38.57%) -- Ticket Income $626,750
Level 2 -- Attendance: 1833 (36.66%) -- Ticket Income $366,600
Level 3 -- Attendance: 1031 (29.46%) -- Ticket Income $180,425
Level 4 -- Attendance: 737 (29.41%) -- Ticket Income $110,550
Luxury Box -- Attendance: 473 (47.30%) -- Ticket Income $189,200
Game was played at the Verizon Center.
Total Attendance: 6581 (35.56%)
Total Ticket Income: $1,473,525
Other Income: $368,381
Total Income: $1,841,906



Team Name Goals Shots Shots Attemp Shots Blocked PIM HIT PP PK FO%
Penguins 4306196151 / 4 (25%)140%
Capitals 63282108191 / 3 (33%)160%

Penguins
Player Name POS G A P +/- PIM HIT SHT SB MP PP MP PP SHT PK MP PK SHT FO% FOT
Aliaksei ProtasC000-2021012:110:0000:26033% 12
Cole CaufieldRW0221014019:573:3810:00067% 3
Devon ToewsD000-1003224:143:5531:0500% 0
Henri JokiharjuD000-1020114:290:0000:0000% 0
Jeff PetryD1010013121:051:5211:2200% 0
Josh AndersonRW000-1010016:330:0000:0000% 1
Julien GauthierRW000000005:520:0000:1800% 0
Justin FaulkD011-1021024:143:5501:0500% 0
Kevin FialaLW2021243020:293:3710:33050% 2
Logan O'ConnorRW0000001010:132:0901:55043% 7
Mathew DumbaD0000013421:111:5221:2800% 0
Matt RoyD011-1200114:460:0000:1800% 0
Nick SuzukiC1231216021:193:3800:00037% 38
Phil KesselRW000-2001013:542:0900:000100% 1
Rem PitlickC000000105:340:0000:00050% 6
Rudolfs BalcersLW000-2002013:330:0001:4800% 0
Ryan PoehlingC000-1000016:330:0000:000100% 1
Seth JarvisC011-1001019:482:0900:18039% 18
Capitals
Player Name POS G A P +/- PIM HIT SHT SB MP PP MP PP SHT PK MP PK SHT FO% FOT
Alex NylanderLW0110000115:570:0000:000100% 2
Ben HuttonD0000021213:480:0000:0200% 0
Brad HuntD0002001021:561:1702:3600% 0
Christian FischerRW0110012115:570:0000:0000% 1
Cody CeciD0000021425:161:2213:1100% 0
David KampfC101002408:510:0000:00038% 8
Jonas SiegenthalerD0222200120:551:1702:3400% 0
Jordan GreenwayLW1010015019:411:4101:1300% 0
Kaapo KakkoRW1122013018:420:5800:0000% 1
Kevin LabancRW0110001018:111:4100:0000% 0
Matias MaccelliLW0112013024:220:5804:34020% 5
Michael RasmussenC0110233018:571:4100:30069% 26
Morgan FrostC000000000:000:0000:0000% 0
Noah DobsonD1120023125:161:2223:1110% 0
Pavel ZachaC1232014022:280:5804:34065% 37
Quinton ByfieldC101001108:550:0000:43043% 7
Samuel BolducD0000420012:460:0000:0000% 0
Tyler JohnsonC000000000:480:0000:000100% 2



Play-by-Play

1st period


0:01 of 1st period - Nick Suzuki wins face-off versus Pavel Zacha in neutral zone.
0:01 of 1st period - Nick Suzuki is hit by Matias Maccelli.
0:19 of 1st period - Shot by Cole Caufield.
0:19 of 1st period - Deflect By Kevin Fiala.
0:19 of 1st period - Shot Misses the Net.
0:26 of 1st period - Cole Caufield is hit by Cody Ceci and loses puck.
0:32 of 1st period - Kevin Fiala is hit by Noah Dobson and loses puck.
1:09 of 1st period - Shot by Josh Anderson.
1:09 of 1st period - Shot Misses the Net.
1:11 of 1st period - Shot by Jeff Petry.
1:11 of 1st period - Stopped by Joonas Korpisalo without a rebound.
1:12 of 1st period - David Kampf wins face-off versus Aliaksei Protas in Capitals zone.
1:23 of 1st period - Off-side.
1:24 of 1st period - Michael Rasmussen wins face-off versus Rem Pitlick in neutral zone.
1:29 of 1st period - Logan O'Connor is hit by Michael Rasmussen and loses puck.
1:40 of 1st period - Shot by Jordan Greenway.
1:40 of 1st period - Stopped by Thatcher Demko without a rebound.
1:41 of 1st period - Phil Kessel wins face-off versus David Kampf in Penguins zone.
1:46 of 1st period - Shot by Rudolfs Balcers.
1:46 of 1st period - Stopped by Joonas Korpisalo without a rebound.
1:47 of 1st period - Seth Jarvis wins face-off versus Matias Maccelli in Capitals zone.
1:54 of 1st period - Shot by Josh Anderson.
1:54 of 1st period - Deflect By Ryan Poehling.
1:54 of 1st period - Shot Blocked by Cody Ceci.
2:22 of 1st period - Josh Anderson is hit by Quinton Byfield and loses puck.
3:09 of 1st period - Shot by Jordan Greenway.
3:09 of 1st period - Stopped by Thatcher Demko with a rebound.
3:44 of 1st period - Shot by Rudolfs Balcers.
3:44 of 1st period - Shot Misses the Net.
3:46 of 1st period - Shot by Rudolfs Balcers.
3:46 of 1st period - Shot Blocked by Ben Hutton.
3:56 of 1st period - Shot by Phil Kessel.
3:56 of 1st period - Deflect By Rudolfs Balcers.
3:56 of 1st period - Shot Misses the Net.
3:58 of 1st period - Shot by Jeff Petry.
3:58 of 1st period - Stopped by Joonas Korpisalo with a rebound.
4:12 of 1st period - Shot by Phil Kessel.
4:12 of 1st period - Shot Misses the Net.
4:14 of 1st period - Shot by Phil Kessel.
4:14 of 1st period - Shot Blocked by Christian Fischer.
4:28 of 1st period - Nick Suzuki is hit by David Kampf and loses puck.
4:53 of 1st period - Shot by Cole Caufield.
4:53 of 1st period - Shot Misses the Net.
5:42 of 1st period - Shot by Mathew Dumba.
5:42 of 1st period - Stopped by Joonas Korpisalo with a rebound.
5:45 of 1st period - Icing by Noah Dobson.
5:46 of 1st period - Aliaksei Protas wins face-off versus Pavel Zacha in Capitals zone.
6:00 of 1st period - Off-side.
6:01 of 1st period - Michael Rasmussen wins face-off versus Nick Suzuki in neutral zone.
6:08 of 1st period - Shot by Jordan Greenway.
6:08 of 1st period - Deflect By Michael Rasmussen.
6:08 of 1st period - Stopped by Thatcher Demko with a rebound.
6:48 of 1st period - Icing by Jordan Greenway.
6:49 of 1st period - Michael Rasmussen wins face-off versus Aliaksei Protas in Capitals zone.
7:31 of 1st period - Phil Kessel is hit by Kaapo Kakko and loses puck.
7:36 of 1st period - Shot by Noah Dobson.
7:36 of 1st period - Shot Blocked by Mathew Dumba.
8:46 of 1st period - Shot by Christian Fischer.
8:46 of 1st period - Shot Misses the Net.
8:48 of 1st period - Shot by David Kampf.
8:48 of 1st period - Deflect By Alex Nylander.
8:48 of 1st period - Shot Misses the Net.
9:34 of 1st period - Shot by Cole Caufield.
9:34 of 1st period - Shot Misses the Net.
9:36 of 1st period - Shot by Nick Suzuki.
9:36 of 1st period - Stopped by Joonas Korpisalo with a rebound.
9:38 of 1st period - Shot by Matt Roy.
9:38 of 1st period - Shot Misses the Net.
9:45 of 1st period - Shot by Kevin Fiala.
9:45 of 1st period - Goal by Kevin Fiala - Penguins : 1 - Capitals : 0.
9:46 of 1st period - Logan O'Connor wins face-off versus Matias Maccelli in neutral zone.
10:54 of 1st period - Shot by Christian Fischer.
10:54 of 1st period - Shot Misses the Net.
10:56 of 1st period - Shot by Christian Fischer.
10:56 of 1st period - Stopped by Thatcher Demko without a rebound.
10:57 of 1st period - Alex Nylander wins face-off versus Nick Suzuki in Penguins zone.
11:00 of 1st period - Shot by David Kampf.
11:00 of 1st period - Shot Misses the Net.
11:02 of 1st period - Shot by David Kampf.
11:02 of 1st period - Goal by David Kampf - Penguins : 1 - Capitals : 1.
11:03 of 1st period - Nick Suzuki wins face-off versus Michael Rasmussen in neutral zone.
11:03 of 1st period - Devon Toews is hit by Michael Rasmussen and loses puck.
11:48 of 1st period - Shot by Cole Caufield.
11:48 of 1st period - Stopped by Joonas Korpisalo without a rebound.
11:49 of 1st period - Seth Jarvis wins face-off versus David Kampf in Capitals zone.
13:14 of 1st period - Shot by Kaapo Kakko.
13:14 of 1st period - Deflect By Pavel Zacha.
13:14 of 1st period - Stopped by Thatcher Demko without a rebound.
13:15 of 1st period - Michael Rasmussen wins face-off versus Nick Suzuki in Penguins zone.
13:16 of 1st period - Shot by Jordan Greenway.
13:16 of 1st period - Shot Misses the Net.
13:22 of 1st period - Shot by Kevin Labanc.
13:22 of 1st period - Shot Misses the Net.
13:30 of 1st period - Shot by Michael Rasmussen.
13:30 of 1st period - Shot Misses the Net.
13:32 of 1st period - Shot by Michael Rasmussen.
13:32 of 1st period - Shot Misses the Net.
13:46 of 1st period - Shot by Jordan Greenway.
13:46 of 1st period - Stopped by Thatcher Demko without a rebound.
13:47 of 1st period - Rem Pitlick wins face-off versus David Kampf in Penguins zone.
15:15 of 1st period - Shot by Kaapo Kakko.
15:15 of 1st period - Shot Misses the Net.
15:17 of 1st period - Shot by Cody Ceci.
15:17 of 1st period - Shot Misses the Net.
15:43 of 1st period - Shot by Kevin Labanc.
15:43 of 1st period - Shot Misses the Net.
16:02 of 1st period - Off-side.
16:03 of 1st period - Alex Nylander wins face-off versus Cole Caufield in neutral zone.
16:13 of 1st period - Icing by Jeff Petry.
16:14 of 1st period - Michael Rasmussen wins face-off versus Nick Suzuki in Penguins zone.
16:23 of 1st period - Shot by Cole Caufield.
16:23 of 1st period - Stopped by Joonas Korpisalo without a rebound.
16:24 of 1st period - Pavel Zacha wins face-off versus Aliaksei Protas in Capitals zone.
16:37 of 1st period - Kaapo Kakko is hit by Aliaksei Protas and loses puck.
16:50 of 1st period - Shot by Kaapo Kakko.
16:50 of 1st period - Shot Blocked by Jeff Petry.
16:52 of 1st period - Shot by Pavel Zacha.
16:52 of 1st period - Shot Misses the Net.
16:54 of 1st period - Shot by Kaapo Kakko.
16:54 of 1st period - Goal by Kaapo Kakko - Penguins : 1 - Capitals : 2.
16:55 of 1st period - Michael Rasmussen wins face-off versus Nick Suzuki in neutral zone.
17:34 of 1st period - Shot by Nick Suzuki.
17:34 of 1st period - Stopped by Joonas Korpisalo without a rebound.
17:35 of 1st period - Aliaksei Protas wins face-off versus Pavel Zacha in Capitals zone.
18:18 of 1st period - Shot by Matias Maccelli.
18:18 of 1st period - Shot Misses the Net.
18:46 of 1st period - Cole Caufield is hit by David Kampf and loses puck.
19:11 of 1st period - Shot by Nick Suzuki.
19:11 of 1st period - Goal by Nick Suzuki - Penguins : 2 - Capitals : 2.
19:12 of 1st period - Michael Rasmussen wins face-off versus Seth Jarvis in neutral zone.
19:17 of 1st period - Shot by Kevin Labanc.
19:17 of 1st period - Shot Misses the Net.
19:19 of 1st period - Shot by Kevin Labanc.
19:19 of 1st period - Deflect By Jordan Greenway.
19:19 of 1st period - Goal by Jordan Greenway - Penguins : 2 - Capitals : 3.
19:20 of 1st period - Michael Rasmussen wins face-off versus Seth Jarvis in neutral zone.
19:22 of 1st period - Off-side.
19:23 of 1st period - Nick Suzuki wins face-off versus Michael Rasmussen in neutral zone.
19:29 of 1st period - Minor Penalty to Samuel Bolduc for Interference.
19:30 of 1st period - Pavel Zacha wins face-off versus Nick Suzuki in Capitals zone.
Goals for this period are 2 for Penguins vs 3 for Capitals.
Shots for this period are 10 for Penguins vs 9 for Capitals.

2nd period


0:01 of 2nd period - Cole Caufield wins face-off versus Pavel Zacha in neutral zone.
0:18 of 2nd period - Shot by Kevin Fiala.
0:18 of 2nd period - Stopped by Joonas Korpisalo without a rebound.
0:19 of 2nd period - Seth Jarvis wins face-off versus Pavel Zacha in Capitals zone.
0:20 of 2nd period - Shot by Mathew Dumba.
0:20 of 2nd period - Stopped by Joonas Korpisalo without a rebound.
0:21 of 2nd period - Nick Suzuki wins face-off versus Pavel Zacha in Capitals zone.
0:40 of 2nd period - Shot by Cole Caufield.
0:40 of 2nd period - Stopped by Joonas Korpisalo without a rebound.
0:41 of 2nd period - Seth Jarvis wins face-off versus Matias Maccelli in Capitals zone.
0:42 of 2nd period - Shot by Jeff Petry.
0:42 of 2nd period - Goal by Jeff Petry - Penguins : 3 - Capitals : 3.
0:43 of 2nd period - Seth Jarvis wins face-off versus Michael Rasmussen in neutral zone.
0:48 of 2nd period - Shot by Seth Jarvis.
0:48 of 2nd period - Shot Blocked by Cody Ceci.
0:58 of 2nd period - Off-side.
0:59 of 2nd period - Nick Suzuki wins face-off versus Pavel Zacha in neutral zone.
1:17 of 2nd period - Brad Hunt is hit by Kevin Fiala and loses puck.
1:32 of 2nd period - Shot by Kevin Fiala.
1:32 of 2nd period - Shot Blocked by Jonas Siegenthaler.
3:10 of 2nd period - Icing by Ben Hutton.
3:11 of 2nd period - Logan O'Connor wins face-off versus David Kampf in Capitals zone.
3:16 of 2nd period - Shot by Logan O'Connor.
3:16 of 2nd period - Shot Blocked by Ben Hutton.
3:18 of 2nd period - Shot by Logan O'Connor.
3:18 of 2nd period - Shot Misses the Net.
3:20 of 2nd period - Shot by Rem Pitlick.
3:20 of 2nd period - Stopped by Joonas Korpisalo without a rebound.
3:21 of 2nd period - Quinton Byfield wins face-off versus Nick Suzuki in Capitals zone.
3:26 of 2nd period - Shot by Nick Suzuki.
3:26 of 2nd period - Stopped by Joonas Korpisalo without a rebound.
3:27 of 2nd period - David Kampf wins face-off versus Kevin Fiala in Capitals zone.
3:48 of 2nd period - Shot by David Kampf.
3:48 of 2nd period - Shot Misses the Net.
4:01 of 2nd period - Minor Penalty to Jonas Siegenthaler for Hooking.
4:02 of 2nd period - Pavel Zacha wins face-off versus Logan O'Connor in Capitals zone.
4:29 of 2nd period - Shot by Devon Toews.
4:29 of 2nd period - Stopped by Joonas Korpisalo with a rebound.
4:35 of 2nd period - Shot by Devon Toews.
4:35 of 2nd period - Stopped by Joonas Korpisalo without a rebound.
4:36 of 2nd period - Pavel Zacha wins face-off versus Nick Suzuki in Capitals zone.
4:36 of 2nd period - Pavel Zacha is hit by Kevin Fiala.
4:37 of 2nd period - Minor Penalty to Kevin Fiala for High sticking.
4:38 of 2nd period - Nick Suzuki wins face-off versus Pavel Zacha in Penguins zone.
4:38 of 2nd period - Nick Suzuki is hit by Pavel Zacha.
4:46 of 2nd period - Icing by Ben Hutton.
4:47 of 2nd period - Pavel Zacha wins face-off versus Nick Suzuki in Capitals zone.
5:12 of 2nd period - Icing by Ben Hutton.
5:13 of 2nd period - Pavel Zacha wins face-off versus Nick Suzuki in Capitals zone.
5:13 of 2nd period - Pavel Zacha is hit by Nick Suzuki.
5:27 of 2nd period - Shot by Matias Maccelli.
5:27 of 2nd period - Shot Misses the Net.
5:29 of 2nd period - Shot by Ben Hutton.
5:29 of 2nd period - Shot Misses the Net.
5:49 of 2nd period - Shot by Jordan Greenway.
5:49 of 2nd period - Deflect By Michael Rasmussen.
5:49 of 2nd period - Shot Misses the Net.
5:52 of 2nd period - Icing by Mathew Dumba.
5:53 of 2nd period - Pavel Zacha wins face-off versus Nick Suzuki in Penguins zone.
6:26 of 2nd period - Shot by Michael Rasmussen.
6:26 of 2nd period - Shot Misses the Net.
6:28 of 2nd period - Shot by Michael Rasmussen.
6:28 of 2nd period - Deflect By Jordan Greenway.
6:28 of 2nd period - Shot Misses the Net.
6:30 of 2nd period - Shot by Noah Dobson.
6:30 of 2nd period - Stopped by Thatcher Demko without a rebound.
6:31 of 2nd period - Pavel Zacha wins face-off versus Logan O'Connor in Penguins zone.
6:38 of 2nd period - Shot by David Kampf.
6:38 of 2nd period - Stopped by Thatcher Demko with a rebound.
6:40 of 2nd period - Shot by David Kampf.
6:40 of 2nd period - Shot Misses the Net.
6:42 of 2nd period - Shot by David Kampf.
6:42 of 2nd period - Stopped by Thatcher Demko without a rebound.
6:43 of 2nd period - Seth Jarvis wins face-off versus David Kampf in Penguins zone.
7:04 of 2nd period - Shot by Josh Anderson.
7:04 of 2nd period - Shot Hit the Post.
8:09 of 2nd period - Shot by Matias Maccelli.
8:09 of 2nd period - Deflect By Pavel Zacha.
8:09 of 2nd period - Stopped by Thatcher Demko without a rebound.
8:10 of 2nd period - Michael Rasmussen wins face-off versus Nick Suzuki in Penguins zone.
8:10 of 2nd period - Kevin Labanc is hit by Jeff Petry and loses puck.
8:13 of 2nd period - Shot by Michael Rasmussen.
8:13 of 2nd period - Stopped by Thatcher Demko without a rebound.
8:14 of 2nd period - Michael Rasmussen wins face-off versus Nick Suzuki in Penguins zone.
8:14 of 2nd period - Kevin Labanc is hit by Mathew Dumba and loses puck.
8:24 of 2nd period - Kevin Fiala is hit by Ben Hutton.
8:25 of 2nd period - Minor Penalty to Samuel Bolduc for Interference.
8:26 of 2nd period - Nick Suzuki wins face-off versus Pavel Zacha in Capitals zone.
8:27 of 2nd period - Shot by Justin Faulk.
8:27 of 2nd period - Shot Blocked by Cody Ceci.
8:29 of 2nd period - Shot by Devon Toews.
8:29 of 2nd period - Stopped by Joonas Korpisalo without a rebound.
8:30 of 2nd period - Pavel Zacha wins face-off versus Nick Suzuki in Capitals zone.
8:52 of 2nd period - Off-side.
8:53 of 2nd period - Pavel Zacha wins face-off versus Seth Jarvis in neutral zone.
9:31 of 2nd period - Shot by Mathew Dumba.
9:31 of 2nd period - Stopped by Joonas Korpisalo without a rebound.
9:32 of 2nd period - Nick Suzuki wins face-off versus Michael Rasmussen in Capitals zone.
9:43 of 2nd period - Michael Rasmussen is hit by Kevin Fiala and loses puck.
10:19 of 2nd period - Icing by Nick Suzuki.
10:20 of 2nd period - Nick Suzuki wins face-off versus Matias Maccelli in Penguins zone.
10:38 of 2nd period - Shot by Christian Fischer.
10:38 of 2nd period - Shot Blocked by Mathew Dumba.
10:59 of 2nd period - Off-side.
11:00 of 2nd period - Michael Rasmussen wins face-off versus Aliaksei Protas in neutral zone.
12:01 of 2nd period - Shot by Nick Suzuki.
12:01 of 2nd period - Stopped by Joonas Korpisalo without a rebound.
12:02 of 2nd period - Pavel Zacha wins face-off versus Seth Jarvis in Capitals zone.
12:13 of 2nd period - Shot by Kaapo Kakko.
12:13 of 2nd period - Deflect By Matias Maccelli.
12:13 of 2nd period - Shot Blocked by Mathew Dumba.
12:15 of 2nd period - Shot by Matias Maccelli.
12:15 of 2nd period - Shot Misses the Net.
12:26 of 2nd period - Shot by Matias Maccelli.
12:26 of 2nd period - Stopped by Thatcher Demko with a rebound.
12:28 of 2nd period - Shot by Pavel Zacha.
12:28 of 2nd period - Stopped by Thatcher Demko without a rebound.
12:29 of 2nd period - Nick Suzuki wins face-off versus Christian Fischer in Penguins zone.
12:49 of 2nd period - Shot by David Kampf.
12:49 of 2nd period - Stopped by Thatcher Demko without a rebound.
12:50 of 2nd period - Rem Pitlick wins face-off versus Pavel Zacha in Penguins zone.
13:03 of 2nd period - Shot by Pavel Zacha.
13:03 of 2nd period - Deflect By Kaapo Kakko.
13:03 of 2nd period - Stopped by Thatcher Demko without a rebound.
13:04 of 2nd period - Kevin Fiala wins face-off versus Michael Rasmussen in Penguins zone.
13:04 of 2nd period - Kevin Fiala is hit by Jordan Greenway.
13:07 of 2nd period - Icing by Justin Faulk.
13:08 of 2nd period - Pavel Zacha wins face-off versus Nick Suzuki in Penguins zone.
13:29 of 2nd period - Pavel Zacha is hit by Kevin Fiala and loses puck.
13:59 of 2nd period - Icing by Devon Toews.
14:00 of 2nd period - Michael Rasmussen wins face-off versus Nick Suzuki in Penguins zone.
14:05 of 2nd period - Shot by Kevin Labanc.
14:05 of 2nd period - Shot Misses the Net.
14:18 of 2nd period - Icing by Jordan Greenway.
14:19 of 2nd period - Michael Rasmussen wins face-off versus Seth Jarvis in Capitals zone.
14:34 of 2nd period - Jordan Greenway is hit by Josh Anderson and loses puck.
15:36 of 2nd period - Shot by Phil Kessel.
15:36 of 2nd period - Stopped by Joonas Korpisalo with a rebound.
15:38 of 2nd period - Shot by Phil Kessel.
15:38 of 2nd period - Shot Misses the Net.
15:40 of 2nd period - Shot by Aliaksei Protas.
15:40 of 2nd period - Stopped by Joonas Korpisalo without a rebound.
15:41 of 2nd period - David Kampf wins face-off versus Nick Suzuki in Capitals zone.
15:41 of 2nd period - David Kampf is hit by Cole Caufield.
15:42 of 2nd period - David Kampf from Capitals is injured at 15:42 of 2nd period (Right Knee).
15:43 of 2nd period - Quinton Byfield wins face-off versus Nick Suzuki in Capitals zone.
15:57 of 2nd period - Icing by Ben Hutton.
15:58 of 2nd period - Quinton Byfield wins face-off versus Rem Pitlick in Capitals zone.
16:03 of 2nd period - Shot by Samuel Bolduc.
16:03 of 2nd period - Shot Misses the Net.
16:21 of 2nd period - Shot by Ben Hutton.
16:21 of 2nd period - Shot Blocked by Matt Roy.
16:23 of 2nd period - Shot by Quinton Byfield.
16:23 of 2nd period - Shot Blocked by Henri Jokiharju.
16:25 of 2nd period - Shot by Christian Fischer.
16:25 of 2nd period - Stopped by Thatcher Demko without a rebound.
16:26 of 2nd period - Pavel Zacha wins face-off versus Nick Suzuki in Penguins zone.
16:29 of 2nd period - Shot by Pavel Zacha.
16:29 of 2nd period - Shot Misses the Net.
16:32 of 2nd period - Icing by Devon Toews.
16:33 of 2nd period - Nick Suzuki wins face-off versus Kaapo Kakko in Penguins zone.
16:39 of 2nd period - Icing by Cole Caufield.
16:40 of 2nd period - Pavel Zacha wins face-off versus Nick Suzuki in Penguins zone.
16:47 of 2nd period - Shot by Nick Suzuki.
16:47 of 2nd period - Stopped by Joonas Korpisalo without a rebound.
16:48 of 2nd period - Aliaksei Protas wins face-off versus Pavel Zacha in Capitals zone.
17:02 of 2nd period - Pavel Zacha is hit by Aliaksei Protas and loses puck.
17:17 of 2nd period - Shot by Kaapo Kakko.
17:17 of 2nd period - Stopped by Thatcher Demko without a rebound.
17:18 of 2nd period - Michael Rasmussen wins face-off versus Seth Jarvis in Penguins zone.
17:37 of 2nd period - Shot by Seth Jarvis.
17:37 of 2nd period - Shot Misses the Net.
18:02 of 2nd period - Icing by Michael Rasmussen.
18:03 of 2nd period - Nick Suzuki wins face-off versus Michael Rasmussen in Capitals zone.
18:10 of 2nd period - Shot by Cole Caufield.
18:10 of 2nd period - Stopped by Joonas Korpisalo with a rebound.
18:16 of 2nd period - Shot by Devon Toews.
18:16 of 2nd period - Shot Misses the Net.
18:20 of 2nd period - Shot by Kevin Fiala.
18:20 of 2nd period - Shot Misses the Net.
18:34 of 2nd period - Shot by Kevin Fiala.
18:34 of 2nd period - Shot Misses the Net.
18:36 of 2nd period - Shot by Justin Faulk.
18:36 of 2nd period - Shot Misses the Net.
18:38 of 2nd period - Shot by Justin Faulk.
18:38 of 2nd period - Shot Misses the Net.
19:27 of 2nd period - Matt Roy is hit by Michael Rasmussen.
Goals for this period are 1 for Penguins vs 0 for Capitals.
Shots for this period are 15 for Penguins vs 11 for Capitals.

3rd period


0:01 of 3rd period - Pavel Zacha wins face-off versus Seth Jarvis in neutral zone.
0:10 of 3rd period - Shot by Matias Maccelli.
0:10 of 3rd period - Stopped by Thatcher Demko without a rebound.
0:11 of 3rd period - Rem Pitlick wins face-off versus Michael Rasmussen in Penguins zone.
0:18 of 3rd period - Shot by Kevin Labanc.
0:18 of 3rd period - Stopped by Thatcher Demko without a rebound.
0:19 of 3rd period - Pavel Zacha wins face-off versus Josh Anderson in Penguins zone.
0:32 of 3rd period - Shot by Mathew Dumba.
0:32 of 3rd period - Shot Blocked by Noah Dobson.
1:19 of 3rd period - Shot by Jordan Greenway.
1:19 of 3rd period - Stopped by Thatcher Demko without a rebound.
1:20 of 3rd period - Cole Caufield wins face-off versus Quinton Byfield in Penguins zone.
1:27 of 3rd period - Quinton Byfield is hit by Justin Faulk and loses puck.
1:48 of 3rd period - Shot by Christian Fischer.
1:48 of 3rd period - Shot Misses the Net.
1:50 of 3rd period - Shot by Ben Hutton.
1:50 of 3rd period - Shot Blocked by Devon Toews.
1:52 of 3rd period - Shot by Alex Nylander.
1:52 of 3rd period - Shot Misses the Net.
1:54 of 3rd period - Shot by Christian Fischer.
1:54 of 3rd period - Shot Misses the Net.
1:56 of 3rd period - Shot by Ben Hutton.
1:56 of 3rd period - Stopped by Thatcher Demko with a rebound.
1:58 of 3rd period - Shot by Alex Nylander.
1:58 of 3rd period - Shot Blocked by Devon Toews.
2:00 of 3rd period - Shot by Quinton Byfield.
2:00 of 3rd period - Shot Misses the Net.
2:39 of 3rd period - Minor Penalty to Nick Suzuki for Tripping.
2:40 of 3rd period - Logan O'Connor wins face-off versus Pavel Zacha in Penguins zone.
2:49 of 3rd period - Shot by Noah Dobson.
2:49 of 3rd period - Shot Misses the Net.
2:51 of 3rd period - Shot by Noah Dobson.
2:51 of 3rd period - Shot Misses the Net.
2:53 of 3rd period - Shot by Cody Ceci.
2:53 of 3rd period - Deflect By Kaapo Kakko.
2:53 of 3rd period - Shot Misses the Net.
2:55 of 3rd period - Shot by Matias Maccelli.
2:55 of 3rd period - Shot Misses the Net.
2:57 of 3rd period - Shot by Pavel Zacha.
2:57 of 3rd period - Shot Misses the Net.
3:23 of 3rd period - Shot by Kaapo Kakko.
3:23 of 3rd period - Shot Misses the Net.
3:25 of 3rd period - Shot by Cody Ceci.
3:25 of 3rd period - Stopped by Thatcher Demko without a rebound.
3:26 of 3rd period - Michael Rasmussen wins face-off versus Logan O'Connor in Penguins zone.
4:53 of 3rd period - Minor Penalty to Matt Roy for Hooking.
4:54 of 3rd period - Pavel Zacha wins face-off versus Logan O'Connor in Penguins zone.
4:55 of 3rd period - Shot by Kaapo Kakko.
4:55 of 3rd period - Deflect By Pavel Zacha.
4:55 of 3rd period - Shot Misses the Net.
4:57 of 3rd period - Shot by Noah Dobson.
4:57 of 3rd period - Goal by Noah Dobson - Penguins : 3 - Capitals : 4.
4:58 of 3rd period - Pavel Zacha wins face-off versus Seth Jarvis in neutral zone.
5:08 of 3rd period - Icing by Pavel Zacha.
5:09 of 3rd period - Pavel Zacha wins face-off versus Aliaksei Protas in Capitals zone.
6:03 of 3rd period - Icing by Justin Faulk.
6:04 of 3rd period - Michael Rasmussen wins face-off versus Aliaksei Protas in Penguins zone.
6:04 of 3rd period - Michael Rasmussen is hit by Justin Faulk.
6:28 of 3rd period - Minor Penalty to Michael Rasmussen for Hooking.
6:29 of 3rd period - Pavel Zacha wins face-off versus Nick Suzuki in Capitals zone.
6:55 of 3rd period - Icing by Jeff Petry.
6:56 of 3rd period - Pavel Zacha wins face-off versus Nick Suzuki in Penguins zone.
7:01 of 3rd period - Shot by Noah Dobson.
7:01 of 3rd period - Stopped by Thatcher Demko without a rebound.
7:02 of 3rd period - Pavel Zacha wins face-off versus Seth Jarvis in Penguins zone.
7:12 of 3rd period - Icing by Justin Faulk.
7:13 of 3rd period - Matias Maccelli wins face-off versus Seth Jarvis in Penguins zone.
8:03 of 3rd period - Shot by Jeff Petry.
8:03 of 3rd period - Shot Misses the Net.
8:37 of 3rd period - Shot by Seth Jarvis.
8:37 of 3rd period - Stopped by Joonas Korpisalo with a rebound.
9:24 of 3rd period - Shot by Logan O'Connor.
9:24 of 3rd period - Stopped by Joonas Korpisalo with a rebound.
9:31 of 3rd period - Off-side.
9:32 of 3rd period - Nick Suzuki wins face-off versus Michael Rasmussen in neutral zone.
9:40 of 3rd period - Icing by Noah Dobson.
9:41 of 3rd period - Michael Rasmussen wins face-off versus Nick Suzuki in Capitals zone.
9:48 of 3rd period - Shot by Michael Rasmussen.
9:48 of 3rd period - Stopped by Thatcher Demko without a rebound.
9:49 of 3rd period - Pavel Zacha wins face-off versus Nick Suzuki in Penguins zone.
10:30 of 3rd period - Shot by Kevin Fiala.
10:30 of 3rd period - Shot Blocked by Cody Ceci.
10:50 of 3rd period - Phil Kessel is hit by Noah Dobson and loses puck.
11:14 of 3rd period - Phil Kessel is hit by Cody Ceci and loses puck.
11:55 of 3rd period - Shot by Jordan Greenway.
11:55 of 3rd period - Shot Misses the Net.
11:57 of 3rd period - Shot by Jonas Siegenthaler.
11:57 of 3rd period - Shot Misses the Net.
12:18 of 3rd period - Icing by Ryan Poehling.
12:19 of 3rd period - Ryan Poehling wins face-off versus Quinton Byfield in Penguins zone.
12:33 of 3rd period - Nick Suzuki is hit by Samuel Bolduc.
12:35 of 3rd period - Shot by Kevin Fiala.
12:35 of 3rd period - Goal by Kevin Fiala - Penguins : 4 - Capitals : 4.
12:36 of 3rd period - Nick Suzuki wins face-off versus Quinton Byfield in neutral zone.
12:38 of 3rd period - Kevin Fiala is hit by Samuel Bolduc and loses puck.
12:52 of 3rd period - Cole Caufield is hit by Ben Hutton and loses puck.
13:01 of 3rd period - Shot by Nick Suzuki.
13:01 of 3rd period - Shot Misses the Net.
13:52 of 3rd period - Jonas Siegenthaler is hit by Henri Jokiharju and loses puck.
14:19 of 3rd period - Shot by Michael Rasmussen.
14:19 of 3rd period - Shot Misses the Net.
14:48 of 3rd period - Shot by Matias Maccelli.
14:48 of 3rd period - Shot Misses the Net.
14:51 of 3rd period - Icing by Henri Jokiharju.
14:52 of 3rd period - Tyler Johnson wins face-off versus Rem Pitlick in Penguins zone.
14:52 of 3rd period - Cody Ceci is hit by Henri Jokiharju and loses puck.
15:28 of 3rd period - Shot by Josh Anderson.
15:28 of 3rd period - Shot Misses the Net.
15:31 of 3rd period - Icing by Cody Ceci.
15:32 of 3rd period - Tyler Johnson wins face-off versus Aliaksei Protas in Capitals zone.
15:49 of 3rd period - Shot by Justin Faulk.
15:49 of 3rd period - Stopped by Joonas Korpisalo with a rebound.
16:16 of 3rd period - Shot by Matias Maccelli.
16:16 of 3rd period - Stopped by Thatcher Demko with a rebound.
16:24 of 3rd period - Shot by Brad Hunt.
16:24 of 3rd period - Stopped by Thatcher Demko without a rebound.
16:25 of 3rd period - Michael Rasmussen wins face-off versus Seth Jarvis in Penguins zone.
17:02 of 3rd period - Shot by Ben Hutton.
17:02 of 3rd period - Shot Blocked by Mathew Dumba.
17:31 of 3rd period - Shot by Nick Suzuki.
17:31 of 3rd period - Shot Misses the Net.
17:51 of 3rd period - Shot by Quinton Byfield.
17:51 of 3rd period - Shot Misses the Net.
17:53 of 3rd period - Shot by Quinton Byfield.
17:53 of 3rd period - Goal by Quinton Byfield - Penguins : 4 - Capitals : 5.
17:54 of 3rd period - Aliaksei Protas wins face-off versus Pavel Zacha in neutral zone.
17:57 of 3rd period - Shot by Devon Toews.
17:57 of 3rd period - Deflect By Rudolfs Balcers.
17:57 of 3rd period - Stopped by Joonas Korpisalo without a rebound.
17:58 of 3rd period - Pavel Zacha wins face-off versus Aliaksei Protas in Capitals zone.
18:20 of 3rd period - Shot by Pavel Zacha.
18:20 of 3rd period - Goal by Pavel Zacha - Penguins : 4 - Capitals : 6.
18:21 of 3rd period - Seth Jarvis wins face-off versus Quinton Byfield in neutral zone.
19:30 of 3rd period - Shot by Kevin Fiala.
19:30 of 3rd period - Shot Blocked by Alex Nylander.
19:58 of 3rd period - Justin Faulk is hit by Christian Fischer and loses puck.
Goals for this period are 1 for Penguins vs 3 for Capitals.
Shots for this period are 5 for Penguins vs 12 for Capitals.